 Dungeon Crawl Stone Soup version 0.30-a0-49-g1cef19eb02 (webtiles) character file.

Game seed: 6698496743396673708

4020 LnG the Basher (level 10, -9/86 HPs)
             Began as a Hill Orc Fighter on Sept 1, 2022.
             Mangled by a shadow (20 damage)
             ... on level 8 of the Dungeon on Sept 2, 2022.
             The game lasted 00:39:39 (9308 turns).

LnG the Basher (Hill Orc Fighter)                   Turns: 9308, Time: 00:39:39

Health: -9/86      AC: 14    Str: 27    XL:     10   Next: 23%
Magic:  19/19      EV: 10    Int: 11    God:
Gold:   585        SH:  0    Dex:  7    Spells: 9/9 levels left

rFire   + . .      SeeInvis .    o - +11 flail of the Warrior {flame, rF+ rCorr Str+3 Dex-3}
rCold   . . .      Faith    .    c - +3 buckler
rNeg    . . .      Spirit   .    b - +0 scale mail
rPois   .          Reflect  .    C - +2 helmet {Int+3}
rElec   .          Harm     .    n - +0 cloak
rCorr   +          Rampage  .    t - +0 pair of gloves
Will    .....                    (no boots)
Stlth   ..........               (no amulet)
HPRegen 0.24/turn                y - ring of magical power
MPRegen 0.16/turn                (no ring)

@: confused, studying Maces & Flails
A: no striking features
a: no special abilities


You were on level 8 of the Dungeon.
You visited 2 branches of the dungeon, and saw 10 of its levels.
You also visited: Ossuary.

You collected 585 gold pieces.

Inventory:

Hand Weapons
 a - a +0 war axe of electrocution
 o - the +11 flail of the Warrior (weapon) {flame, rF+ rCorr Str+3 Dex-3}
   (You found it on level 4 of the Dungeon)

   It burns those it strikes, dealing additional fire damage.
   Str:       It affects your strength (+3).
   Dex:       It affects your dexterity (-3).
   rF:        It protects you from fire.
   rCorr:     It protects you from acid and corrosion.
Missiles
 h - a throwing net (quivered)
Armour
 b - a +0 scale mail (worn)
 c - a +3 buckler (worn)
 n - a +0 cloak (worn)
 t - a +0 pair of gloves (worn)
 C - a +2 helmet of intelligence (worn)
Jewellery
 y - a ring of magical power (left hand)
 A - a ring of fire
 F - a ring of magical power
 I - a ring of positive energy
Wands
 p - a wand of charming (11)
 q - a wand of light (8)
 E - a wand of flame (15)
 H - a wand of roots (6)
 J - a wand of digging (5)
Scrolls
 d - 2 scrolls of fog {unknown}
 g - a scroll of blinking {unknown}
 j - a scroll of torment
 l - 3 scrolls of fear
 s - a scroll of magic mapping {unknown}
 v - a scroll of vulnerability
 x - a scroll of identify
 z - 3 scrolls of amnesia
 G - 2 scrolls of enchant weapon {unknown}
Potions
 e - 3 potions of heal wounds
 f - 4 potions of brilliance
 i - 2 potions of haste
 k - a potion of ambrosia
 m - 3 potions of curing
 r - a potion of invisibility
 u - a potion of berserk rage {unknown}
 w - 2 potions of flight {unknown}
 B - a potion of resistance {unknown}
 D - 3 potions of mutation {unknown}


   Skills:
 + Level 7.2 Fighting
 + Level 6.1(9.4) Axes
 + Level 9.3(9.9) Maces & Flails
 + Level 8.3 Armour
 + Level 3.0 Dodging
 + Level 1.6 Stealth
 + Level 6.3 Shields


You had 9 spell levels left.
You didn't know any spells.
Your spell library contained the following spells:

 Spells                   Type           Power      Damage    Failure   Level
 Airstrike                Air            0%         2d(0-16)  100%        4
 Summon Lightning Spire   Summ/Air       0%         N/A       100%        4
 Lightning Bolt           Conj/Air       0%         1d11      100%        5


Dungeon Overview and Level Annotations

Branches:
Dungeon (9/15)             Temple (1/1) D:7         Ossuary (visited)
   Lair: D:8-11         Orc: D:9-12

Altars:
Ashenzari
Dithmenos
Gozag
Hepliaklqana
Kikubaaqudgha
Makhleb
Nemelex Xobeh
Okawaru
Ru
Sif Muna
Trog
Uskayaw
Vehumet
Xom
Yredelemnul
Zin
The Shining One

Shops:
D:5 *


Message History

You block the shadow's attack.
As you read the scroll of fear, it crumbles to dust.
You assume a fearsome visage.
The ice beast looks frightened!
The yak looks frightened!
The ice beast looks frightened!
The shadow is unaffected.
You block something's attack. Something bites you!
* * * LOW HITPOINT WARNING * * *
Something draws strength from your injuries!
You block the shadow's attack. Something hits you but does no damage.
Something bites you but does no damage. The shadow barely misses you.
Something hits you.
* * * LOW HITPOINT WARNING * * *
Something bites you.
* * * LOW HITPOINT WARNING * * *
Something draws strength from your injuries!
There is a stone staircase leading up here.
You feel much better. Something hits you!
* * * LOW HITPOINT WARNING * * *
Something bites you.
* * * LOW HITPOINT WARNING * * *
Something draws strength from your injuries!
You block the shadow's attack.
As you read the scroll of fear, it crumbles to dust.
You assume a fearsome visage.
The shadow is unaffected.
Something hits you but does no damage. Something bites you.
* * * LOW HITPOINT WARNING * * *
Something draws strength from your injuries!
You block the shadow's attack. Something hits you but does no damage.
You block something's attack.
The shadow slips into darkness.
The shadow flickers and vanishes!
You climb upwards.
Reactivating autopickup.
There is a stone staircase leading down here.
You start resting.
You hear some strange, mumbled words.
Deactivating autopickup; reactivate with Ctrl-A.
You are confused.
The shadow strikes at you from the darkness!
You die...

#..............#..........##.####
#.##.#.........#.#.......###.....
#..####...).#...##......## #.....
................####....## #.#...
........####.[[..# #.....# #.....
.....##.#####....# ##...## #...##
.#..##..##.....#.####...#####...#
.##.##...#.........#..[.)..###.##
.##..#.###......@....[.#[)...#...
..#.....#...#......#.###)#.......
..##...###..##.#####..#.[#.......
.......##......# ##.###<#....###
.......##......# #...##..###...#
..........##..## #..####(#......
.......##.###.#####..####)#....##
>......#### #.........##.....#.#
.........# ##.........##...#####


There were no monsters in sight!

Vanquished Creatures
  Maurice (D:8)
  Sigmund (D:3)
  A steam dragon (D:6)
  A water moccasin (D:5)
  2 ice beasts
  An orc warrior (D:7)
  A sky beast (D:8)
  A black bear (D:5)
  3 centaurs
  2 kobold brigands
  2 necrophages
  3 scorpions (D:5)
  3 bullfrogs
  9 wights
  A howler monkey (D:8)
  4 crimson imps (D:5)
  3 jellies
  5 hounds
  A human zombie (Ossuary)
  5 orc priests
  A gnoll bouda (D:8)
  Crazy Yiuf (D:2)
  Terence (D:2)
  7 iguanas
  13 orc wizards
  3 hound zombies (Ossuary)
  4 mummies (Ossuary)
  Robin (D:4)
  5 adders
  3 gnolls (D:8)
  2 white imps (D:7)
  An ufetubus (D:4)
  2 adder zombies (Ossuary)
  3 worms
  3 dart slugs
  23 orcs
  4 ball pythons
  9 bats
  8 endoplasms
  5 giant cockroaches
  16 goblins
  7 hobgoblins
  2 jackals (D:3)
  14 kobolds
  A quokka (D:1)
  A frilled lizard (D:1)
  A goblin zombie (Ossuary)
  A hobgoblin zombie (Ossuary)
  A jackal zombie (Ossuary)
  A kobold zombie (Ossuary)
  6 rats
  2 rat zombies (Ossuary)
  A spectral hobgoblin (D:4)
203 creatures vanquished.

Notes
Turn   | Place    | Note
-------+----------+-------------------------------------------
     0 | D:1      | LnG the Hill Orc Fighter began the quest for the Orb.
     0 | D:1      | Reached XP level 1. HP: 19/19 MP: 1/1
   266 | D:1      | Reached XP level 2. HP: 25/27 MP: 2/2
   615 | D:1      | Reached XP level 3. HP: 33/33 MP: 3/3
   619 | D:1      | Found a faded altar of an unknown god.
  1097 | D:2      | Noticed Terence
  1109 | D:2      | Killed Terence
  1110 | D:2      | Reached XP level 4. HP: 21/41 MP: 4/4
  1376 | D:2      | Found a runed translucent door.
  1377 | D:2      | Noticed Crazy Yiuf
  1384 | D:2      | Killed Crazy Yiuf
  1385 | D:2      | Reached XP level 5. HP: 6/47 MP: 5/5
  1837 | D:4      | Identified the +11 flail of the Warrior {flame, rF+ rCorr
                  | Str+3 Dex-3}
  1927 | D:3      | Reached skill level 5 in Axes
  2380 | D:3      | Noticed Sigmund
  2387 | D:3      | Killed Sigmund
  2388 | D:3      | Reached skill level 2 in Maces & Flails
  2388 | D:3      | Reached XP level 6. HP: 43/55 MP: 0/6
  3168 | D:4      | Noticed Robin
  3169 | D:4      | Reached skill level 5 in Fighting
  3169 | D:4      | Reached skill level 1 in Dodging
  3169 | D:4      | Reached XP level 7. HP: 55/61 MP: 7/7
  3187 | D:4      | Killed Robin
  3188 | D:4      | Reached skill level 3 in Maces & Flails
  3485 | D:4      | Found a hazy altar of Hepliaklqana.
  3665 | D:5      | Entered Level 5 of the Dungeon
  3668 | D:4      | Upgraded the game from 0.30-a0-46-g5a63ccc183 to
                  | 0.30-a0-49-g1cef19eb02
  3785 | D:5      | Reached skill level 5 in Armour
  3820 | D:5      | Found a broken altar of Ashenzari.
  3874 | D:5      | Found a radiant altar of Vehumet.
  3937 | D:5      | Reached skill level 4 in Maces & Flails
  4070 | D:5      | Reached XP level 8. HP: 67/68 MP: 8/8
  4080 | D:5      | Found an opulent altar of Gozag.
  4085 | D:5      | Found Gozag's Platinum Reserve.
  4195 | D:5      | Found a sand-covered staircase.
  4200 | Ossuary  | Entered an ossuary
  4658 | D:5      | Found a shimmering altar of Xom.
  4676 | D:5      | Reached skill level 5 in Maces & Flails
  4828 | D:5      | Reached skill level 5 in Shields
  5315 | D:5      | Reached skill level 6 in Maces & Flails
  5332 | D:6      | Reached XP level 9. HP: 66/75 MP: 9/9
  5534 | D:6      | Found a burning altar of Makhleb.
  5537 | D:6      | Reached skill level 1 in Stealth
  5737 | D:6      | Reached skill level 7 in Maces & Flails
  6380 | D:6      | Found a hide-covered altar of Uskayaw.
  6660 | D:7      | Found an ancient bone altar of Kikubaaqudgha.
  7323 | D:7      | Found a shadowy altar of Dithmenos.
  7342 | D:7      | Reached skill level 8 in Maces & Flails
  7361 | D:7      | Found a staircase to the Ecumenical Temple.
  7368 | Temple   | Entered the Ecumenical Temple
  7571 | D:7      | Found a sparkling altar of Nemelex Xobeh.
  7743 | D:8      | Noticed Maurice
  7812 | D:8      | Killed Maurice
  7915 | D:8      | Reached XP level 10. HP: 83/86 MP: 10/10
  8216 | D:8      | Reached skill level 9 in Maces & Flails
  9303 | D:9      | HP: 4/86 [something (3)]
  9308 | D:8      | Mangled by a shadow

Illustrated notes

Levels and vault maps discovered:
D:1:      ebering_trefoil_3fold, layout_basic, ebering_ecumenical_altar_box
D:2:      layout_rooms, uniq_terence, uniq_crazy_yiuf_cottage
D:3:      layout_basic, uniq_sigmund
D:4:      layout_basic, nicolae_hepliaklqana_monster_ancestors, uniq_robin
D:5:      layout_gridville, mainiacjoe_overflow_small_starburst,
          mainiacjoe_overflow_surrounded_room, led_xom_imps,
          nicolae_gozag_zags_fifth_avenue, enter_ossuary_2
D:6:      layout_loops_ring, nicolae_uskayaw_dance_hall,
          makhleb_heckhound_becter, kennysheep_generic_room_10
D:7:      layout_cave_pools, general_overflow_altar,
          nicolae_dithmenos_through_a_glass_darkly, kennysheep_little_box,
          temple_green, enter_bailey_2
D:8:      layout_cave_pools, uniq_maurice
D:9:      layout_irregular_city, nicolae_qazlal_general_emergency, serial_ice,
          serial_ice_k, serial_ice_b, serial_ice_h, serial_ice_f, uniq_maggie,
          uniq_joseph, uniq_erolcha, uniq_erica
Temple:   jpeg_temple_clearing

Skill      XL: |  1  2  3  4  5  6  7  8  9 10 |
---------------+-------------------------------+-----
Axes           | 3 4 5 6 |  6.1
Fighting       | 4 5 6 7 |  7.2
Armour         | 4 5 6 7 8 |  8.3
Maces & Flails | 2 4 6 8 9 |  9.3
Shields        | 4 5 6 |  6.3
Dodging        | 1 2 3 |  3.0
Stealth        | 1 |  1.6

Action                   |  1- 3 |  4- 6 |  7- 9 | 10-12 || total
-------------------------+-------+-------+-------+-------++-------
Melee: War axe           |    86 |    19 |       |       ||   105
       Flail             |       |    58 |   234 |    53 ||   345
Throw: Throwing net      |       |       |     1 |       ||     1
  Use: Scroll            |     3 |     5 |     9 |     2 ||    19
       Potion            |       |       |     2 |     2 ||     4
Armor: Scale mail        |    43 |    29 |   166 |    33 ||   271
Dodge: Dodged            |    40 |    27 |   108 |    19 ||   194
Block: Buckler           |    23 |    10 |    78 |    29 ||   140

Table legend: (Time is in decaauts)
 A = Elapsed time spent in this place.
 B = Non-inter-level travel time spent in this place.
 C = Inter-level travel time spent in this place.
 D = Time resting spent in this place.
 E = Time spent auto-exploring this place.
 F = Levels seen in this place.
 G = Mean time per level.
                   A        B        C        D        E       F      G
               +--------+--------+--------+--------+--------+-----+--------+
         Total |   9390 |   8722 |    668 |   1994 |   2842 |  11 |  853.6 |
       Dungeon |   9088 |   8420 |    668 |   1994 |   2842 |   9 | 1009.8 |
        Temple |     67 |     67 |      0 |      0 |      0 |   1 |   67.0 |
       Ossuary |    234 |    234 |      0 |      0 |      0 |   1 |  234.0 |
               +--------+--------+--------+--------+--------+-----+--------+

Top non-repeatable levels by time:
     D:6: 1488 daAuts
     D:5: 1437 daAuts
     D:8: 1352 daAuts
     D:7: 1045 daAuts
     D:2: 1002 daAuts
     D:3: 961 daAuts
     D:4: 922 daAuts
     D:1: 842 daAuts
 Ossuary: 234 daAuts
  Temple: 67 daAuts
     D:9: 36 daAuts
